 Dungeon Crawl Stone Soup version 0.21.0-24-g2553a33 (webtiles) character file.

538 Monsterracer the Slasher (level 7, 0/53 HPs)
             Began as a Vampire Abyssal Knight on Jan 19, 2018.
             Was a Believer of Lugonu.
             Slain by a centaur (6 damage)
             ... on level 5 of the Dungeon.
             The game lasted 00:06:46 (4828 turns).

Monsterracer the Slasher (Vampire Abyssal Knight)   Turns: 4828, Time: 00:06:46

Health: 0/53       AC:  6    Str: 13    XL:     7   Next: 5%
Magic:  8/8        EV: 12    Int: 14    God:    Lugonu [**....]
Gold:   225        SH:  4    Dex: 14    Spells: 6/6 levels left

rFire    + + .     SeeInvis +   a - +1 long sword
rCold    x x .     Gourm    .   k - +0 buckler
rNeg     . . .     Faith    .   l - +0 ring mail
rPois    .         Spirit   .   (no helmet)
rElec    .         Reflect  .   (no cloak)
rCorr    .         Harm     .   o - +0 pair of gloves
MR       .....                  (no boots)
Stlth    +.........             (no amulet)
HPRegen  0.37/turn              n - ring of fire (curse)
MPRegen  0.11/turn              g - ring of fire

@: regenerating quickly
A: fangs 3, see invisible, unbreathing
a: Depart the Abyss, Bend Space, Renounce Religion


You were on level 5 of the Dungeon.
You worshipped Lugonu.
Lugonu was pleased with you.
You were very full.

You visited 1 branch of the dungeon, and saw 5 of its levels.
You visited the Abyss 1 time.

You collected 225 gold pieces.

Inventory:

Hand Weapons
 a - a +1 long sword (weapon)
Armour
 k - a +0 buckler (worn)
 l - a +0 ring mail (worn)
 o - a +0 pair of gloves (worn)
Jewellery
 g - a ring of fire (right hand)
 n - a cursed ring of fire (left hand)
Scrolls
 c - 2 scrolls of remove curse
 h - a scroll of identify
 i - 2 scrolls of teleportation
Potions
 b - 2 potions of agility
 d - 3 potions of blood
 e - 3 potions of curing
 f - a potion of magic
 j - a potion of ambrosia {!q}
 m - 2 potions of might
 p - a potion of heal wounds


   Skills:
 + Level 3.9 Fighting
 * Level 5.5 Long Blades
 - Level 0.7 Armour
 + Level 3.9 Dodging
 + Level 2.5 Shields
 - Level 1.5 Invocations


You had 6 spell levels left.
You didn't know any spells.

Dungeon Overview and Level Annotations

Branches:
Dungeon (5/15)
 Temple: D:4-7

Altars:
Ashenzari
Fedhas
Hepliaklqana
Okawaru
Uskayaw

Shops:
D:4 =


Innate Abilities, Weirdness & Mutations

Your natural rate of healing is unusually fast.
You have razor-sharp teeth.
You have supernaturally acute eyesight. (SInv)
You can survive without breathing.


Message History

There is a blossoming altar of Fedhas here.
There is an open door here.
There is an entrance to Cuzei's Jewellery Emporium here.
You can access your shopping list by pressing '$'.
Done exploring.
Done exploring.
There is an open door here.
There is a blossoming altar of Fedhas here.
There is an escape hatch in the floor here.
Really go through this one-way escape hatch?
You slide downwards.
The hatch slams shut behind you.
An orc comes into view.
The orc shouts!
You hear a shout!
An orc is nearby!
An orc is nearby!
You hit the orc but do no damage. The orc barely misses you.
You riposte.
You hit the orc but do no damage. You slash the orc!
You kill the orc!
Lugonu accepts your kill.
No target in view!
No target in view!
You see here a ring mail.
An orc comes into view.
An orc comes into view. It is wielding a mace.
The orc shouts!
You hear a shout!
The orc barely misses you.
There are monsters nearby!
You hit the orc.
You kill the orc!
Lugonu accepts your kill.
An orc priest comes into view. It is wielding a short sword.
You hit the orc.
The orc is lightly wounded.
You block the orc's attack.
You hit the orc. Your bite misses the orc.
The orc is heavily wounded.
You block the orc's attack.
The orc priest calls upon Beogh to heal the orc.
The orc's wounds heal themselves!
You hit the orc.
The orc is heavily wounded.
You block the orc's attack.
You hit the orc.
The orc is severely wounded.
The orc priest mumbles some strange prayers to Beogh against you.
Beogh smites you! The orc closely misses you.
You riposte.
You hit the orc. You bite the orc.
You kill the orc!
Lugonu accepts your kill.
A centaur comes into view.
You take 15 damage, and have 33/48 hp.
MASSIVE DAMAGE!!
You are too injured to fight recklessly!
An orc priest is nearby!
The centaur wields a shortbow.
The centaur shoots an arrow.
The arrow hits you!
* * * LOW HITPOINT WARNING * * *
You see here an arrow.
You take 12 damage, and have 21/48 hp.
MASSIVE DAMAGE!!
You hit the orc priest. You bite the orc priest.
The orc priest is lightly wounded.
You block the orc priest's attack.
You slash the orc priest!
The orc priest is severely wounded.
The orc priest casts a cantrip, but nothing happens.
The orc priest closely misses you.
You closely miss the orc priest.
The orc priest is severely wounded.
The orc priest mumbles some strange prayers to Beogh against you.
Beogh smites you!
* * * LOW HITPOINT WARNING * * *
You take 10 damage, and have 12/48 hp.
MASSIVE DAMAGE!!
You closely miss the orc priest. You bite the orc priest.
The orc priest is almost dead.
The orc priest miscasts a cantrip.
You hit the orc priest.
You kill the orc priest!
Lugonu accepts your kill.
You have reached level 7!
The centaur shoots an arrow.
The arrow misses you.
You regained 2 hp, and now have 14/53 hp.
MP restored: 8 The centaur unwields an uncursed shortbow.
The centaur closely misses you. x2
Items here: )) [ † a short sword; a mace; a ring mail; an orc corpse You hit the centaur but do no damage.
The centaur misses you. The centaur hits you.
* * * LOW HITPOINT WARNING * * *
You take 4 damage, and have 10/53 hp.
You closely miss the centaur. You block the centaur's attack.
You slash the centaur! You bite the centaur, but do no damage.
The centaur is heavily wounded.
The centaur hits you.
* * * LOW HITPOINT WARNING * * *
The centaur barely misses you.
You take 4 damage, and have 6/53 hp.
You closely miss the centaur.
The centaur is heavily wounded.
The centaur misses you. The centaur hits you.
You die...

#############
#......(.[..#
.....#@####.#
#.# #.c# #.#
#.#####.#
#.#.....#
#.####### #.
#. #.


You could see a centaur.

Vanquished Creatures
  An ogre (D:4)
  2 scorpions
  An orc priest (D:5)
  A gnoll shaman (D:3)
  An orc wizard (D:2)
  12 gnolls
  7 adders
  A white imp (Abyss:1)
  3 adder skeletons (D:4)
  3 worms
  2 leopard geckos (D:1)
  9 orcs
  2 giant cockroaches
  7 goblins
  7 hobgoblins
  6 kobolds
  A ball python (D:4)
  A ball python skeleton (D:4)
  6 bats
  4 frilled lizards
  12 rats
89 creatures vanquished.

Notes
Turn   | Place    | Note
-------+----------+-------------------------------------------
     0 | Abyss:1  | Monsterracer the Vampire Abyssal Knight began the quest for the Orb.
     0 | Abyss:1  | Reached XP level 1. HP: 17/17 MP: 2/2
    82 | Abyss:1  | Noticed a rakshasa
    84 | Abyss:1  | Noticed a ynoxinul
    84 | Abyss:1  | Noticed a tentacled starspawn
    85 | D:1      | Escaped the Abyss
   237 | D:1      | Reached XP level 2. HP: 23/23 MP: 3/3
   305 | D:1      | Found a shattered altar of Ashenzari.
   324 | D:1      | Reached * piety under Lugonu
   326 | D:1      | Reached skill level 3 in Long Blades
  1050 | D:1      | Reached XP level 3. HP: 22/28 MP: 4/4
  1643 | D:2      | Reached ** piety under Lugonu
  1665 | D:2      | Noticed a scorpion
  1678 | D:2      | HP: 14/28 [scorpion (6)]
  1679 | D:2      | Killed a scorpion
  1679 | D:2      | Reached skill level 4 in Long Blades
  1679 | D:2      | Reached skill level 1 in Shields
  1679 | D:2      | Reached XP level 4. HP: 17/35 MP: 5/5
  1683 | D:2      | HP: 16/35 [poisoned by a scorpion]
  1688 | D:2      | HP: 15/35 [poisoned by a scorpion]
  1695 | D:2      | HP: 15/35 [poisoned by a scorpion]
  1703 | D:2      | HP: 16/35 [poisoned by a scorpion]
  2283 | D:3      | Reached XP level 5. HP: 41/41 MP: 6/6
  2288 | D:2      | HP: 18/41 [gnoll/club (8)]
  2780 | D:2      | HP: 19/41 [orc wizard/dagger (3)]
  2859 | D:3      | HP: 16/41 [gnoll/halberd (9)]
  3051 | D:3      | Found an iron altar of Okawaru.
  3292 | D:4      | Reached XP level 6. HP: 46/47 MP: 7/7
  3457 | D:4      | Found a hazy altar of Hepliaklqana.
  3457 | D:4      | Found a hide-covered altar of Uskayaw.
  3486 | D:4      | HP: 16/47 [ogre/giant club (19)]
  3490 | D:4      | HP: 3/47 [ogre/giant club (15)]
  3637 | D:4      | Reached skill level 5 in Long Blades
  3885 | D:4      | HP: 21/47 [gnoll/spear (7)]
  3886 | D:4      | HP: 10/47 [gnoll/whip (6)]
  3894 | D:3      | HP: 16/70 [gnoll/whip (3)]
  4106 | D:4      | HP: 22/47 [gnoll/halberd (7)]
  4245 | D:4      | HP: 23/47 [gnoll/spear (2)]
  4250 | D:3      | HP: 23/47 [gnoll shaman/club (2)]
  4457 | D:4      | HP: 19/48 [ogre/giant club (10)]
  4458 | D:4      | HP: 9/48 [ogre/giant club (10)]
  4671 | D:4      | Found a blossoming altar of Fedhas.
  4699 | D:4      | Found Cuzei's Jewellery Emporium.
  4800 | D:5      | Entered Level 5 of the Dungeon
  4818 | D:5      | HP: 21/48 [centaur/arrow (12)]
  4823 | D:5      | Reached XP level 7. HP: 14/53 MP: 8/8
  4825 | D:5      | HP: 10/53 [centaur (5)]
  4828 | D:5      | Slain by a centaur

Skill      XL: |  1  2  3  4  5  6 |
---------------+-------------------+-----
Long Blades    | 3 4 5 |  5.5
Fighting       | 3 |  3.9
Shields        | 1 2 |  2.5
Dodging        | 3 |  3.9
Armour         | |  0.7
Invocations    | |  1.5

Action                   |  1- 3 |  4- 6 |  7- 9 || total
-------------------------+-------+-------+-------++-------
Melee: Falchion          |   108 |    46 |       ||   154
       Bite              |     6 |    28 |     1 ||    35
       Long sword        |       |   157 |     4 ||   161
Invok: Depart the Abyss  |     1 |       |       ||     1
       Bend Space        |       |     1 |       ||     1
  Use: Potion            |    13 |    16 |       ||    29
       Scroll            |       |    14 |       ||    14
 Stab: Sleeping          |     2 |       |       ||     2
Armor: Leather armour    |    11 |       |       ||    11
       Ring mail         |    31 |    44 |       ||    75
       Skin              |       |     7 |       ||     7
Dodge: Dodged            |    76 |   137 |     6 ||   219
Block: Buckler           |       |    21 |     1 ||    22
       Rpst.: Falchion   |    26 |     7 |       ||    33
       Long sword        |       |    22 |       ||    22

Vault maps used:
D:1:      grunt_arrival_crossed_arrows, evilmike_ruin_ashenzari
D:2:      minmay_domino_4
D:3:      okawaru_trees_1
D:4:      gammafunk_temple_overflow_elements, overflow_temple_1_default,
          serial_shops, kennysheep_little_box
D:5:      first_ration, corner_web_ring, sword_in_stone, uniq_prince_ribbit1
Abyss:1:  hangedman_abyss_or_decor_stabs
